 Dungeon Crawl Stone Soup version 0.27-a0-661-gca034ae587 (webtiles) character file.

Game seed: 1879357835868783421

35 Johnny the Digger (level 3, -1/20 HPs)
             Began as a Deep Elf Earth Elementalist on Mar 17, 2021.
             Slain by Terence
             ... wielding a +2 antimagic hand axe
              (9 damage)
             ... on level 2 of the Dungeon.
             The game lasted 00:01:10 (1323 turns).

Johnny the Digger (Deep Elf Earth Elementalist)     Turns: 1323, Time: 00:01:11

Health: -1/20      AC:  2    Str:  5    XL:     3   Next: 16%
Magic:  6/10       EV: 16    Int: 20    God:
Gold:   22         SH:  0    Dex: 15    Spells: 8/9 levels left

rFire    . . .     SeeInvis .   f - +2 dagger (speed)
rCold    . . .     Faith    .   (no shield)
rNeg     . . .     Spirit   .   c - +0 robe
rPois    .         Reflect  .   (no helmet)
rElec    .         Harm     .   (no cloak)
rCorr    .         Rampage  .   (no gloves)
Will     .....                  (no boots)
Stlth    ++........             (no amulet)
HPRegen  0.06/turn              j - +4 ring of evasion
MPRegen  0.12/turn              (no ring)

@: no status effects
A: no striking features
a: no special abilities


You were on level 2 of the Dungeon.
You visited 1 branch of the dungeon, and saw 2 of its levels.

You collected 22 gold pieces.

Inventory:

Hand Weapons
 f - a +2 dagger of speed (weapon)
Missiles
 b - 64 stones
Armour
 c - a +0 robe (worn)
Jewellery
 j - a +4 ring of evasion (right hand)
Scrolls
 a - 3 scrolls of teleportation {unknown}
 i - 2 scrolls of amnesia {unknown}
 k - a scroll of enchant armour {unknown}
Potions
 d - a potion of cancellation {unknown}
 e - a potion of ambrosia {unknown}
 g - a potion of curing {unknown}
 h - a potion of might {unknown}


   Skills:
 * Level 1.5 Fighting
 - Level 2.4 Dodging
 - Level 2.4 Stealth
 + Level 3.5 Spellcasting
 - Level 1.1 Transmutations
 + Level 3.7 Earth Magic


You had 8 spell levels left.
You knew the following spells:

 Your Spells              Type           Power      Damage    Failure   Level
a - Sandblast             Erth           36%        2d10      3%          1

Your spell library contained the following spells:

 Spells                   Type           Power      Damage    Failure   Level
 Passwall                 Tmut/Erth      10%        N/A       8%          2
 Stone Arrow              Conj/Erth      22%        3d8       19%         3
 Petrify                  Tmut/Erth      13%        N/A       45%         4
 Lee's Rapid Deconstruct  Erth           9%         3d8*      63%         5


Dungeon Overview and Level Annotations

Branches:
Dungeon (2/15)

Altars:

Annotations:
D:2 Terence


Message History

Confirm with . or Enter, or press ? or * to list all spells.
Aiming: Sandblast (safe; 3% risk of failure)
Press: ? - help, Shift-Dir - straight line, f - Terence
Aim: Terence, wielding a +2 antimagic hand axe and wearing a +0 scale mail (18% to evade)
The blast of sand hits Terence.
Terence is moderately wounded.
Terence hits you with a +2 antimagic hand axe.
You feel your power leaking away.
Casting: Sandblast (safe; 3% risk of failure)
Confirm with . or Enter, or press ? or * to list all spells.
Aiming: Sandblast (safe; 3% risk of failure)
Press: ? - help, Shift-Dir - straight line, f/p - Terence
Aim: Terence, wielding a +2 antimagic hand axe and wearing a +0 scale mail (moderately wounded, 18% to evade)
The blast of sand hits Terence.
Terence is heavily wounded.
Terence hits you with a +2 antimagic hand axe!
* * * LOW HITPOINT WARNING * * *
You feel your power leaking away.
Casting: Sandblast (safe; 3% risk of failure)
Confirm with . or Enter, or press ? or * to list all spells.
Aiming: Sandblast (safe; 3% risk of failure)
Press: ? - help, Shift-Dir - straight line, f/p - Terence
Aim: Terence, wielding a +2 antimagic hand axe and wearing a +0 scale mail (heavily wounded, 18% to evade)
The blast of sand hits Terence.
Terence is severely wounded.
Terence says, "Rest in peace."
Terence hits you with a +2 antimagic hand axe.
* * * LOW HITPOINT WARNING * * *
Unknown command.
Casting: Sandblast (safe; 3% risk of failure)
Confirm with . or Enter, or press ? or * to list all spells.
Aiming: Sandblast (safe; 3% risk of failure)
Press: ? - help, Shift-Dir - straight line, f/p - Terence
Aim: Terence, wielding a +2 antimagic hand axe and wearing a +0 scale mail (severely wounded, 18% to evade)
The blast of sand hits Terence.
Terence is severely wounded.
Found a lumpy green potion.
Found 28 sling bullets.
Terence hits you with a +2 antimagic hand axe!
You die...

###.# #...♣.♣♣# .. #...#
#...♣.@.♣♣♣♣.# #. ####...##
#...#♣..P♣.P♣♣... .#......#
#.†.#♣♣P..PP.....
.#.#....########...###♣P....♣
.#.#....#............♣♣P.♣♣♣♣
....)...............♣♣P.P.♣
.#.####.#...........♣P.P♣♣.....#
.#.###...#######@..#♣P♣♣ ..!..#
.#.......# #@..##♣ .....#
######...# #...# ...### ##.##
#...# ...# #.# ###...# #... #<#
##.#...# #### #.#
##......####### #######.#
##.............. ........#
#..........##..#


You could see Terence.

Vanquished Creatures
  An adder (D:2)
  An ooze (D:1)
  A dart slug (D:2)
  A giant cockroach (D:1)
  7 goblins
  2 hobgoblins
  2 bats
  A frilled lizard (D:2)
  2 kobolds
  2 rats (D:1)
20 creatures vanquished.

Vanquished Creatures (others)
  9 plants (D:2)
9 creatures vanquished.

Grand Total: 29 creatures vanquished

Notes
Turn   | Place    | Note
-------+----------+-------------------------------------------
     0 | D:1      | Johnny the Deep Elf Earth Elementalist began the quest for
                  | the Orb.
     0 | D:1      | Reached XP level 1. HP: 10/10 MP: 6/6
   515 | D:1      | Reached XP level 2. HP: 16/16 MP: 8/8
   595 | D:1      | Reached skill level 1 in Fighting
  1139 | D:2      | Reached XP level 3. HP: 20/20 MP: 5/10
  1271 | D:2      | Noticed Terence
  1323 | D:2      | Slain by Terence

Illustrated notes

Levels and vault maps discovered:
D:1:      scummos_arrival_simple_crosswalls, layout_basic
D:2:      layout_loops_cross, serial_forest, infiniplex_forest_clump_medium,
          infiniplex_forest_lined_1, infiniplex_forest_pool,
          infiniplex_forest_straight_3, infiniplex_forest_corner_1,
          infiniplex_forest_join, serial_bayou_ford_a, uniq_terence

Skill      XL: |  1  2 |
---------------+-------+-----
Fighting       | 1 |  1.5
Dodging        | |  2.4
Stealth        | |  2.4
Spellcasting   | |  3.5
Transmutations | |  1.1
Earth Magic    | |  3.7

Action                   || total
-------------------------++-------
Melee: Dagger            ||    27
       Unarmed           ||     2
 Cast: Sandblast         ||    23
Armor: Robe              ||     3
Dodge: Dodged            ||    14

Table legend: (Time is in decaauts)
 A = Elapsed time spent in this place.
 B = Non-inter-level travel time spent in this place.
 C = Inter-level travel time spent in this place.
 D = Time resting spent in this place.
 E = Time spent auto-exploring this place.
 F = Levels seen in this place.
 G = Mean time per level.
                   A        B        C        D        E       F      G
               +--------+--------+--------+--------+--------+-----+--------+
         Total |   1313 |   1285 |     28 |      0 |   1129 |   2 |  656.5 |
       Dungeon |   1313 |   1285 |     28 |      0 |   1129 |   2 |  656.5 |
               +--------+--------+--------+--------+--------+-----+--------+

Top non-repeatable levels by time:
     D:1: 1015 daAuts
     D:2: 297 daAuts
